 Dungeon Crawl Stone Soup version 0.27-a0-1595-g0b823d0a13 (webtiles) character file.

Game seed: 8231552004364015704

56 PentaManta the Cudgeller (level 3, -4/23 HPs)
             Began as a Gargoyle Monk on July 20, 2021.
             Was a Believer of Okawaru.
             Slain by Sigmund (9 damage)
             ... on level 3 of the Dungeon.
             The game lasted 00:06:31 (2386 turns).

PentaManta the Cudgeller (Gargoyle Monk)            Turns: 2386, Time: 00:06:32

Health: -4/23      AC:  8    Str: 15    XL:     3   Next: 95%
Magic:  3/3        EV: 11    Int: 10    God:    Okawaru [**....]
Gold:   109        SH:  0    Dex: 12    Spells: 2/2 levels left

rFire    . . .     SeeInvis .   a - +0 mace
rCold    . . .     Faith    .   (no shield)
rNeg     + . .     Spirit   .   i - +0 ring mail
rPois    ∞         Reflect  .   (no helmet)
rElec    +         Harm     .   (no cloak)
rCorr    .         Rampage  .   (no gloves)
Will     .....                  (no boots)
Stlth    +.........             (no amulet)
HPRegen  0.07/turn              (no ring)
MPRegen  0.08/turn              (no ring)

@: no status effects
A: sickness immunity, AC +3, negative energy resistance 1, electricity
resistance, torment resistance 1, petrification resistance
a: Renounce Religion, Heroism


You were on level 3 of the Dungeon.
You worshipped Okawaru.
Okawaru was pleased with you.
You visited 1 branch of the dungeon, and saw 4 of its levels.

You collected 109 gold pieces.

Inventory:

Hand Weapons
 a - a +0 mace (weapon)
 c - a +2 hand axe of electrocution
 d - a +0 whip
 g - a +2 vampiric dagger
 l - a +0 morningstar
Missiles
 h - 50 stones (quivered)
 k - 8 javelins
Armour
 b - a +0 robe
 e - a +0 leather armour
 i - a +0 ring mail (worn)
Scrolls
 f - 2 scrolls of identify
Potions
 j - a potion of attraction {unknown}


   Skills:
 - Level 3.2 Fighting
 + Level 4.7 Maces & Flails
 - Level 2.4 Dodging
 - Level 2.1 Stealth


You had 2 spell levels left.
You didn't know any spells.
Your spell library was empty.

Dungeon Overview and Level Annotations

Branches:
Dungeon (4/15)
 Temple: D:4-7

Altars:
Okawaru

Annotations:
D:2 exclusion: downstairs
D:3 Sigmund


Innate Abilities, Weirdness & Mutations

You are immune to sickness and miasma.
Your stone body is resilient. (AC +3)
You are immune to poison.
You resist negative energy. (rN+)
You are resistant to electric shocks. (rElec)
You are resistant to unholy torment.
You are immune to petrification.


Message History

You closely miss the ball python.
The ball python is severely wounded.
The ball python barely misses you. The ball python constricts you.
You closely miss the ball python.
The ball python is severely wounded.
The ball python bites you. The ball python constricts you.
You hit the ball python.
You kill the ball python!
Okawaru accepts your kill.
You see here a ball python corpse.
You hear the brisk rusting of a very distant drain.
Things that are here:
a +0 club; a +0 leather armour; a +0 club A frilled lizard comes into view.
The frilled lizard hisses angrily.
The frilled lizard barely misses you.
The frilled lizard bites you but does no damage.
You barely miss the frilled lizard.
The frilled lizard bites you but does no damage.
You hit the frilled lizard.
You kill the frilled lizard!
Okawaru accepts your kill.
You hear the brisk rusting of a drain nearby.
Sigmund shouts!
Found a scroll labelled FOEMOASTUD.
Okay, then.
a - a +0 mace (weapon)
Your movement speed is average.
Your attack delay is about 1.1.
Sigmund says, "Now you see me, now you don't..."
Sigmund closely misses you.
Found a scroll of identify.
Sigmund hits you with a +2 scythe of flaming!
Sigmund burns you.
You barely miss Sigmund.
Sigmund hits you with a +2 scythe of flaming.
* * * LOW HITPOINT WARNING * * *
Sigmund burns you.
* * * LOW HITPOINT WARNING * * *
Sigmund hits you from afar with a +2 scythe of flaming!
You die...

#. .## #. #
...##. #. #....
.# .##..#. .# #
.......##.##?###
#...@.@...?...
##.##.#.######
#......#
####.### ####
#...# ..# #...#
# ##.# #...#
#.#..# #...#
##.#..#.##
#...#######


You could see Sigmund.

Vanquished Creatures
  A worm (D:2)
  A dart slug (D:1)
  3 orcs (D:3)
  3 ball pythons
  4 endoplasms
  2 giant cockroaches
  5 goblins (D:1)
  3 hobgoblins
  4 jackals
  4 quokkas (D:1)
  4 bats
  2 frilled lizards
  3 kobolds (D:1)
39 creatures vanquished.

Notes
Turn   | Place    | Note
-------+----------+-------------------------------------------
     0 | D:1      | PentaManta the Gargoyle Monk began the quest for the Orb.
     0 | D:1      | Reached XP level 1. HP: 14/14 MP: 1/1
   370 | D:1      | Reached XP level 2. HP: 19/19 MP: 2/2
   700 | D:1      | Reached skill level 4 in Maces & Flails
   768 | D:1      | Reached XP level 3. HP: 23/23 MP: 3/3
  1816 | D:3      | Noticed Sigmund
  2156 | D:3      | Found an iron altar of Okawaru.
  2163 | D:3      | Became a worshipper of Warmaster Okawaru
  2163 | D:3      | Reached * piety under Okawaru
  2163 | D:3      | Reached ** piety under Okawaru
  2386 | D:3      | Slain by Sigmund

Illustrated notes

Levels and vault maps discovered:
D:1:      tarquinn_simple_flora_water_f, layout_basic
D:2:      wad_pebble_path, layout_loops_ring, chequers_ecumenical_altar_grove,
          serial_shops, shop
D:3:      layout_loops_cross, okawaru_metal_pillars_1_2, portal_sewer_entry_d,
          uniq_grinder, uniq_sigmund
D:4:      layout_basic, slow_altar_2, patterned_corridor

Skill      XL: |  1  2 |
---------------+-------+-----
Maces & Flails | 4 |  4.7
Fighting       | |  3.2
Dodging        | |  2.4
Stealth        | |  2.1

Action                   || total
-------------------------++-------
Melee: Dagger            ||    16
       Mace              ||    15
       Whip              ||   179
       Hand axe          ||     9
Throw: Stone             ||     5
  Use: Scroll            ||     1
 Stab: Sleeping          ||     2
Armor: Robe              ||    22
       Leather armour    ||    40
       Ring mail         ||    17
Dodge: Dodged            ||   139

Table legend: (Time is in decaauts)
 A = Elapsed time spent in this place.
 B = Non-inter-level travel time spent in this place.
 C = Inter-level travel time spent in this place.
 D = Time resting spent in this place.
 E = Time spent auto-exploring this place.
 F = Levels seen in this place.
 G = Mean time per level.
                   A        B        C        D        E       F      G
               +--------+--------+--------+--------+--------+-----+--------+
         Total |   2368 |   2298 |     70 |    671 |    884 |   4 |  592.0 |
       Dungeon |   2368 |   2298 |     70 |    671 |    884 |   4 |  592.0 |
               +--------+--------+--------+--------+--------+-----+--------+

Top non-repeatable levels by time:
     D:1: 1857 daAuts
     D:2: 282 daAuts
     D:3: 226 daAuts
     D:4: 1 daAuts
